 Dungeon Crawl Stone Soup version 0.31.0-11-ge490571c62 (webtiles) character file.

Game seed: 1415385466870059378

164 qw the Shooter (level 5, -1/26 HPs)
             Began as a Spriggan Hunter on Feb 4, 2024.
             Slain by a mummy (9 damage)
             ... in an ossuary.
             The game lasted 00:00:06 (2208 turns).

qw the Shooter (Spriggan Hunter)                    Turns: 2208, Time: 00:00:07

Health: -1/26      AC:  2    Str:  7    XL:     5   Next: 21%
Magic:  6/6        EV: 20    Int: 10    God:
Gold:   92         SH:  0    Dex: 21    Spells: 4/4 levels left

rFire   . . .        a - +2 shortbow
rCold   . . .        (shield currently unavailable)
rNeg    . . .        c - +0 robe
rPois   .            (helmet restricted)
rElec   .            (no cloak)
rCorr   .            (gloves unavailable)
SInv    +            (boots unavailable)
Will    .....        b - amulet of faith
Stlth   ++           (no ring)
HPRegen 0.24/turn    (no ring)
MPRegen 0.10/turn

%: faith
@: very quick
A: very small, no large weapons, unfitting armour, see invisible, speed 3
a: no special abilities


You were in an ossuary.
You visited 1 branch of the dungeon, and saw 4 of its levels.
You also visited: Ossuary.

You collected 92 gold pieces.


Innate Abilities, Weirdness & Mutations

You are very small and have problems with some larger weapons.
You are too small for most types of armour.
You have supernaturally acute eyesight. (SInv)
You cover ground extremely quickly. (Speed+++)


   Skills:
 - Level 2.0 Fighting
 + Level 5.4 Ranged Weapons
 - Level 5.0 Dodging
 - Level 1.5 Stealth


You had 4 spell levels left.
You didn't know any spells.
Your spell library was empty.

Inventory:

Hand Weapons
 a - a +2 shortbow (weapon)
Armour
 c - a +0 robe (worn)
Jewellery
 b - an amulet of faith (around neck)
Scrolls
 d - a scroll of teleportation
Potions
 e - a potion of cancellation
 f - a potion of enlightenment

Dungeon Overview and Level Annotations

Branches:
Dungeon (4/15)            Ossuary (1/1)
 Temple: D:4-7

Altars:
Ru

Shops:
D:1 [


Message History

The mummy completely misses you. The kobold zombie closely misses you.
You shoot an arrow. The arrow hits the mummy!
You destroy the mummy!
You shoot an arrow.
The arrow hits the kobold zombie but does no damage.
The kobold zombie closely misses you.
You shoot an arrow. The arrow hits the kobold zombie!
You destroy the kobold zombie! 2 mummies come into view.
You shoot an arrow.
The arrow hits the mummy but does no damage.
You shoot an arrow.
The arrow hits the mummy but does no damage.
You shoot an arrow.
The arrow hits the mummy but does no damage.
You shoot an arrow.
The arrow hits the mummy but does no damage.
You shoot an arrow. The arrow hits the mummy!
The mummy is heavily damaged.
You shoot an arrow. The arrow hits the mummy.
The mummy is heavily damaged.
You shoot an arrow. The arrow hits the mummy.
The mummy is severely damaged.
You shoot an arrow. The arrow hits the mummy.
The mummy is severely damaged.
You shoot an arrow.
The arrow hits the mummy but does no damage.
The mummy is severely damaged.
You shoot an arrow. The arrow hits the mummy.
The mummy is almost destroyed.
The mummy barely misses you. The mummy hits you!
You shoot an arrow. The arrow hits the mummy.
You destroy the mummy!
You shoot an arrow. The arrow hits the mummy.
The mummy is lightly damaged.
The mummy hits you!
You shoot an arrow. The arrow hits the mummy.
The mummy is moderately damaged.
The mummy hits you!
You die...

...........
...........
..........
........#
......#
#....#
#.M..#
#@...#
#....#
#....#
#....#
#....#
#....#
#.\\.#
######


You could see a mummy.

Vanquished Creatures
  Natasha (D:2)
  3 mummies (Ossuary)
  4 adders
  A dart slug (D:1)
  An orc (D:4)
  6 ball pythons
  2 bats (D:1)
  10 endoplasms
  A giant cockroach (D:1)
  3 gnoll zombies (Ossuary)
  7 goblins
  A hobgoblin (D:2)
  3 quokkas
  2 frilled lizards (D:2)
  8 kobolds
  2 kobold zombies (Ossuary)
  2 orc zombies (Ossuary)
  3 rats
  A spectral hobgoblin (D:1)
61 creatures vanquished.

Notes
Turn   | Place    | Note
-------+----------+-------------------------------------------
     0 | D:1      | qw the Spriggan Hunter began the quest for the Orb.
     0 | D:1      | Reached XP level 1. HP: 10/10 MP: 2/2
     0 | D:1      | 0 ||| qw: Version: 0.3-a-160-g6735b56
     0 | D:1      | 0 ||| qw: Game counter: 5768
     0 | D:1      | 0 ||| qw: Melee chars always use a shield: true
     0 | D:1      | 0 ||| qw: God list: Okawaru
     0 | D:1      | 0 ||| qw: Allow faded altars: false
     0 | D:1      | 0 ||| qw: Do Orc after clearing Dungeon:15 true
     0 | D:1      | 0 ||| qw: Do second Lair branch before Depths: true
     0 | D:1      | 0 ||| qw: Lair rune preference: random
     0 | D:1      | 0 ||| qw: Goals: Normal
     0 | D:1      | 0 ||| PLANNING D:1-11
    28 | D:1      | Reached skill level 3 in Dodging
    72 | D:1      | Reached XP level 2. HP: 14/14 MP: 3/3
   311 | D:1      | Found Mued's Antique Armour Shoppe.
   328 | D:1      | 328 ||| SHOPLISTING glowing troll leather armour (450 gold,
                  | have 31).
   373 | D:1      | Reached XP level 3. HP: 18/18 MP: 4/4
   380 | D:1      | Found a faded altar of an unknown god.
   614 | D:1      | 614 ||| READING 2 scrolls labelled KIATAI BUZE.
   619 | D:1      | 619 ||| READING scroll labelled FIXEKUQ NAERPH.
   620 | D:1      | 620 ||| READING scroll labelled IRUMIA BEOKOUP.
   620 | D:1      | 620 ||| IDENTIFYING murky emerald potion
   621 | D:1      | 621 ||| DROPPING scroll of butterflies.
   697 | D:2      | HP: 4/18 [poisoned by an adder]
  1002 | D:2      | Noticed Natasha
  1009 | D:2      | Reached XP level 4. HP: 12/22 MP: 5/5
  1012 | D:2      | Killed Natasha
  1260 | D:2      | Found Piwessis's Antique Armour Shoppe.
  1327 | D:2      | 1327 ||| UPGRADING to amulet of faith.
  1576 | D:3      | Found a sacrificial altar of Ru.
  2045 | D:3      | 2045 ||| DROPPING +6 ring of intelligence.
  2046 | D:3      | 2046 ||| READING 2 scrolls of identify.
  2046 | D:3      | 2046 ||| IDENTIFYING clear potion
  2047 | D:3      | 2047 ||| READING scroll of identify.
  2047 | D:3      | 2047 ||| IDENTIFYING amethyst potion
  2048 | D:3      | 2048 ||| READING scroll labelled RUXTUK AHACAME.
  2048 | D:3      | 2048 ||| ENCHANTING +0 shortbow.
  2049 | D:3      | 2049 ||| DROPPING potion of attraction.
  2088 | D:4      | 2088 ||| PLANNING OSSUARY
  2095 | D:4      | Identified the +9 rapier of Gravity {heavy, ^Contam rElec
                  | Will+++ rCorr}
  2103 | D:4      | 2103 ||| READING scroll of enchant weapon.
  2103 | D:4      | 2103 ||| ENCHANTING +1 shortbow.
  2135 | D:4      | Found a sand-covered staircase.
  2144 | Ossuary  | Entered an ossuary
  2186 | Ossuary  | Reached XP level 5. HP: 26/26 MP: 6/6
  2208 | Ossuary  | Slain by a mummy

Levels and vault maps discovered:
D:1:      mrwooster_arrival_statue_2, layout_loops_ring, serial_shops,
          nicolae_diamond_shop, dreamdust_ecumenical_altar_drowned_temple,
          minivault_26
D:2:      layout_basic, serial_shops, shop, minmay_misc_feat_tower, uniq_natasha
D:3:      layout_loops_ring, mainiacjoe_overflow_alcove_4
D:4:      layout_cave_pools, enter_ossuary_1, minmay_goblin_kobold_house
Ossuary:  ossuary_tomb_3

Skill      XL: |  1  2  3  4 |
---------------+-------------+-----
Dodging        | 3 4 5 |  5.0
Ranged Weapons | 5 |  5.4
Fighting       | 2 |  2.0
Stealth        | |  1.5

Action                     |  1- 3 |  4- 6 || total
---------------------------+-------+-------++-------
   Fire: Shortbow          |   117 |    88 ||   205
    Use: Scroll            |     3 |     4 ||     7
 Armour: Robe              |    10 |     9 ||    19
  Dodge: Dodged            |    45 |    42 ||    87

Table legend:
 A = Non-vault XP
 B = Vault XP
 C = Vault XP percentage of total XP
 D = Non-vault monster count
 E = Vault monster count
 F = Vault count percentage of total count
                 A         B        C        D         E       F
            +---------+---------+-------+---------+---------+-------
      Total |     132 |     103 |  43.8 |      49 |      12 |  19.7
            +---------+---------+-------+---------+---------+-------
        D:1 |      44 |       1 |   2.2 |      24 |       1 |   4.0
        D:2 |      58 |      39 |  40.2 |      15 |       1 |   6.2
        D:3 |      23 |       0 |   0.0 |       7 |       0 |   0.0
        D:4 |       7 |       0 |   0.0 |       3 |       0 |   0.0
    Ossuary |       0 |      63 | 100.0 |       0 |      10 | 100.0
            +---------+---------+-------+---------+---------+-------
